 Dungeon Crawl Stone Soup version 0.27.0-1-g7a089689b8 (webtiles) character file.

Game seed: 9769757463173687153

28087 tbh1313 the Carver (level 13, -35/169 HPs)
             Began as a Minotaur Fighter on Aug 11, 2021.
             Was a High Priest of Okawaru.
             Killed from afar by Jorgrun (65 damage)
             ... with an iron shot
             ... on level 2 of the Orcish Mines.
             The game lasted 00:39:58 (20741 turns).

tbh1313 the Carver (Minotaur Fighter)              Turns: 20741, Time: 00:39:59

Health: -35/169    AC: 23    Str: 25    XL:     13   Next: 7%
Magic:  12/19      EV: 13    Int:  8    God:    Okawaru [*****.]
Gold:   1655       SH:  5    Dex: 10    Spells: 12/12 levels left

rFire    + . .     SeeInvis .   C - +0 demon blade (venom)
rCold    . . .     Faith    .   (no shield)
rNeg     + . .     Spirit   .   H - +0 plate armour {rF+}
rPois    .         Reflect  +   (helmet restricted)
rElec    .         Harm     .   s - +0 cloak
rCorr    .         Rampage  .   L - +0 pair of gloves
Will     .....     Rnd*Rage +   d - +2 pair of boots
Stlth    ..........             e - amulet of reflection
HPRegen  0.38/turn              f - +4 ring of evasion
MPRegen  0.16/turn              y - ring of positive energy

@: berserking, heroic, grasped by roots, constricted, studying Shields, very
quick
A: horns 2, retaliatory headbutt, berserk 1, sense surroundings 1, strong 1
a: Renounce Religion, Heroism, Finesse


You were on level 2 of the Orcish Mines.
You worshipped Okawaru.
Okawaru was extremely pleased with you.
You visited 3 branches of the dungeon, and saw 16 of its levels.
You also visited: Bailey.

You collected 1655 gold pieces.

Inventory:

Hand Weapons
 a - a +3 long sword
 b - a +0 hunting sling of freezing
 C - a +0 demon blade of venom (weapon)
 I - a +1 scimitar of holy wrath
 K - a +4 vorpal great sword
Missiles
 i - 8 throwing nets (quivered)
 o - 445 stones
 t - 177 sling bullets
 J - 7 silver javelins
Armour
 d - a +2 pair of boots (worn)
 s - a +0 cloak (worn)
 D - a +2 leather armour of willpower
 H - a +0 plate armour of fire resistance (worn)
 L - a +0 pair of gloves (worn)
 N - the +1 crystal plate armour of Cidwitzu {rF+ rC- rN+ Dex+4}
   (Okawaru gifted it to you on level 2 of the Orcish Mines)

   Dex:       It affects your dexterity (+4).
   rF:        It protects you from fire.
   rC:        It makes you vulnerable to cold.
   rN:        It protects you from negative energy.
Jewellery
 e - an amulet of reflection (around neck)
 f - a +4 ring of evasion (left hand)
 n - a ring of protection from fire
 u - a ring of flight
 y - a ring of positive energy (right hand)
 O - a ring of willpower
Wands
 l - a wand of mindburst (15)
 r - a wand of polymorph (9)
 v - a wand of charming (6)
 E - a wand of flame (50)
Scrolls
 c - a scroll of enchant armour
 h - a scroll of teleportation
 j - 3 scrolls of silence
 k - a scroll of torment
 B - 2 scrolls of vulnerability
 F - a scroll of magic mapping
Potions
 p - a potion of flight
 q - 2 potions of magic
 w - 2 potions of curing
 x - a potion of haste
 z - 4 potions of attraction
 G - 2 potions of brilliance
 M - 2 potions of resistance {unknown}
Miscellaneous
 g - a tin of tremorstones (2/2)
 m - a condenser vane
 A - a tin of tremorstones (2/2)


   Skills:
 - Level 10.0(15.0) Fighting
 + Level 14.3(19.3) Long Blades
 - Level 8.0(13.0) Slings
 - Level 10.0(15.0) Armour
 - Level 10.0(15.0) Dodging
 - Level 3.6(8.6) Shields
 - Level 10.0 Invocations


You had 12 spell levels left.
You didn't know any spells.
Your spell library contained the following spells:

 Spells                   Type           Power      Damage    Failure   Level
 Animate Skeleton         Necr           0%         N/A       97%         1
 Pain                     Necr           0%         1d4       97%         1
 Sandblast                Erth           0%         2d4       97%         1
 Corpse Rot               Necr/Air       N/A        N/A       99%         2
 Passwall                 Tmut/Erth      0%         N/A       99%         2
 Poisonous Vapours        Pois/Air       0%         N/A       99%         2
 Sublimation of Blood     Necr           0%         N/A       99%         2
 Wereblood                Tmut           0%         N/A       99%         2
 Conjure Flame            Conj/Fire      0%         6-21      100%        3
 Ignite Poison            Fire/Tmut/Pois 0%         N/A       100%        3
 Stone Arrow              Conj/Erth      0%         3d7       100%        3
 Vampiric Draining        Necr           0%         2d6       100%        3
 Animate Armour           Summ/Erth      0%         N/A       100%        4
 Sticky Flame             Conj/Fire      0%         2d3       100%        4
 Freezing Cloud           Conj/Ice/Air   0%         6-21      100%        5
 Lee's Rapid Deconstruct  Erth           0%         3d5*      100%        5
 Summon Forest            Summ/Tloc      0%         N/A       100%        5
 Summon Mana Viper        Hex/Summ       0%         N/A       100%        5
 Shadow Creatures         Summ           N/A        N/A       100%        6
 Summon Hydra             Summ           0%         N/A       100%        7
 Lehudib's Crystal Spear  Conj/Erth      0%         10d2      100%        8


Dungeon Overview and Level Annotations

Branches:
Dungeon (12/15)            Temple (0/1) D:7            Lair (2/6) D:9
    Orc (2/2) D:10            Elf (0/3) Orc:2        Bailey (visited)
  Swamp: Lair:2-4    Shoals: Lair:2-4     Snake: Lair:2-4    Spider: Lair:2-4

Altars:
Ashenzari
Cheibriados
Dithmenos
Gozag
Hepliaklqana
Makhleb
Nemelex Xobeh
Okawaru
Qazlal
Trog
Vehumet
Xom
Yredelemnul

Shops:
D:9 (   D:10 [

Annotations:
D:9 exclusions: electric eel and 1 more exclusion
Orc:2 Jorgrun


Innate Abilities, Weirdness & Mutations

You have a pair of horns on your head.
You reflexively headbutt those who attack you in melee.
You tend to lose your temper in combat.
You passively map a small area around you.
Your muscles are strong. (Str +2)


Message History

Jorgrun casts a spell at you. The iron shot hits you!!!
The grasping roots constrict you.
You turn to flesh and can move again.
You gain the combat prowess of a mighty hero.
You block Jorgrun's attack. The grasping roots constrict you.
The grasping roots release their grip on you.
You can now deal lightning-fast blows.
Jorgrun points at you and mumbles some strange words.
Roots burst forth from the earth!
The grasping roots grab you! The grasping roots constrict you.
You slash Jorgrun!
Jorgrun is poisoned.
You headbutt Jorgrun, but do no damage.
Jorgrun is moderately wounded.
Jorgrun hits you with a +0 vorpal quarterstaff.
The grasping roots constrict you.
You slash Jorgrun! You headbutt Jorgrun.
Jorgrun is moderately wounded.
A red film seems to cover your vision as you go berserk!
Your finesse ends abruptly.
You feel yourself moving faster!
You feel mighty!
You closely miss Jorgrun.
Jorgrun is moderately wounded.
You slice Jorgrun!!
Jorgrun looks as sick as possible!
Jorgrun is heavily wounded.
You block Jorgrun's attack. The grasping roots constrict you!
You barely miss Jorgrun.
Jorgrun is heavily wounded.
You slice Jorgrun!!
Jorgrun is severely wounded.
You slash Jorgrun! You headbutt Jorgrun!
Jorgrun is almost dead.
Jorgrun hits you with a +0 vorpal quarterstaff!
* * * LOW HITPOINT WARNING * * *
x2 The grasping roots constrict you.
You closely miss Jorgrun. Your headbutt misses Jorgrun.
Jorgrun is almost dead.
You barely miss Jorgrun.
Jorgrun is almost dead.
Jorgrun casts a spell at you. The iron shot hits you!!!
You die...

* #.....
....##.#####'###.###..##
#...o.##...##.......[.....###.#
#.....#...#####....##)##.# ###
#....g##..##..#....#[..#.#####
#....o.#..)#..[....#.!.#......
,
,##..oo[....#..####.#####.####.
,##.o......####........[[#..#.
.8.o.8...8o####.####.....#..).
..oo.......hhg@..#..#..⌠..#..#.
..8...8...8.####.[..#.....####.
..##........####.#..#..........
.##.........#..#.####.#####.###
......#...#..'..)...#...#.... *
....##..##..#....#.#.))#....
.^. ... ####....#.##'##....
..*#...*#.......#.......... ,
*#.#####'###.###'##.


You could see Jorgrun (extremely poisoned), 2 wargs and an orc.

Levels and vault maps discovered:
D:1:      dpeg_arrival_orchard, layout_basic, shapermc_ecumenical_altar_ellora,
          hex_medium, roderic_roman_lattice
D:2:      layout_loops_corners, basic_altar, grunt_ministairs_3,
          minmay_octomino_e4
D:3:      layout_rooms, mainiacjoe_overflow_alcove_4, roderic_lattice_a,
          st_stairs_13, minmay_hedge_maze, minmay_between,
          uniq_crazy_yiuf_cottage, uniq_grinder
D:4:      minmay_octagon_keep, layout_basic, nicolae_overflow_crystal_walls
D:5:      layout_layer_cave, mainiacjoe_overflow_boulevard,
          chequers_serial_rivers_room_b, uniq_pikel
D:6:      layout_gridville, mainiacjoe_overflow_catwalk_spiral
D:7:      layout_rooms, nemelex_diamond_rough_becter,
          minmay_temple_entry_glassed_door, ebering_ghost_rock_garden
D:8:      layout_basic, grunt_temple_overflow_diamond, cheibriados_altar_1,
          nicolae_yredelemnul_corpse_copse, minmay_fractal_squares_gapless_5
D:9:      layout_roguey, lair_entry_dummy, enter_bailey_7, serial_bayou,
          serial_bayou_pond_b, serial_bayou_crossing, serial_bayou_lagoon_a,
          serial_bayou_shore_b, serial_shops, shop, uniq_joseph, uniq_grum
D:10:     layout_basic, grunt_temple_overflow_lords_of_destruction, david_orc_4,
          serial_shops, kennysheep_mini_moat, skrybe_limestone_x,
          kennysheep_generic_room_6
D:11:     layout_roguey, tgw_trog
D:12:     layout_loops_ring, nicolae_trove_entry_crossroad,
          nicolae_shop_overcharged_wands, uniq_erolcha, uniq_josephine
Lair:1:   layout_hall_layers, minivault_11, grunt_megastairs_3, uniq_urug
Lair:2:   layout_roguey, swamp_mist, ebering_ghost_reflecting_pool,
          hellmonk_guarded_unrand_vines, lemuel_fruit_tree, uniq_prince_ribbit2
Orc:1:    layout_diamond_mine
Orc:2:    pubby_orc_utopia, uniq_jorgrun

Notes
Turn   | Place    | Note
-------+----------+-------------------------------------------
     0 | D:1      | tbh1313 the Minotaur Fighter began the quest for the Orb.
     0 | D:1      | Reached XP level 1. HP: 19/19 MP: 0/0
   175 | D:1      | Reached skill level 3 in Long Blades
   182 | D:1      | Found a faded altar of an unknown god.
   266 | D:1      | Reached XP level 2. HP: 24/26 MP: 1/1
   597 | D:1      | Reached skill level 4 in Long Blades
   871 | D:2      | Reached XP level 3. HP: 29/31 MP: 2/2
  1143 | D:2      | Found a stormy altar of Qazlal.
  1319 | D:2      | Reached skill level 5 in Long Blades
  1557 | D:2      | Reached XP level 4. HP: 39/39 MP: 3/3
  2177 | D:3      | Found a runed translucent door.
  2178 | D:3      | Noticed Crazy Yiuf
  2261 | D:3      | Killed Crazy Yiuf
  2567 | D:3      | Reached skill level 6 in Long Blades
  2648 | D:3      | Noticed Grinder
  2662 | D:3      | Killed Grinder
  2663 | D:3      | Reached skill level 7 in Long Blades
  2663 | D:3      | Reached XP level 5. HP: 18/45 MP: 4/4
  2663 | D:3      | Reached XP level 6. HP: 20/51 MP: 5/5
  2901 | D:3      | Found a shimmering altar of Xom.
  3131 | D:4      | Reached skill level 8 in Long Blades
  3217 | D:4      | Found a stormy altar of Qazlal.
  3277 | D:4      | Gained mutation: You are frail. (-10% HP) [potion of
                  | mutation]
  3282 | D:4      | Reached skill level 9 in Long Blades
  3283 | D:4      | Lost mutation: You are frail. (-10% HP) [potion of
                  | mutation]
  3283 | D:4      | Gained mutation: You tend to lose your temper in combat.
                  | [potion of mutation]
  3283 | D:4      | Gained mutation: You passively map a small area around you.
                  | [potion of mutation]
  3283 | D:4      | Gained mutation: Your muscles are strong. (Str +2) [potion
                  | of mutation]
  3564 | D:4      | Reached XP level 7. HP: 57/57 MP: 6/6
  3673 | D:4      | Reached skill level 10 in Long Blades
  3927 | D:4      | Reached skill level 11 in Long Blades
  4152 | D:5      | Entered Level 5 of the Dungeon
  4222 | D:5      | Reached XP level 8. HP: 62/64 MP: 7/7
  4576 | D:5      | Reached skill level 12 in Long Blades
  4592 | D:5      | Found an iron altar of Okawaru.
  4634 | D:5      | Became a worshipper of Warmaster Okawaru
  4914 | D:5      | Noticed Pikel
  4925 | D:5      | Killed Pikel
  4926 | D:5      | Reached skill level 13 in Long Blades
  5978 | D:6      | Reached XP level 9. HP: 53/70 MP: 8/8
  6169 | D:6      | Reached * piety under Okawaru
  6272 | D:6      | Reached skill level 14 in Long Blades
  6379 | D:6      | Found a broken altar of Ashenzari.
  6380 | D:6      | Found a bloodstained altar of Trog.
  6385 | D:6      | Reached skill level 1 in Slings
  6385 | D:6      | Reached skill level 1 in Dodging
  7245 | D:7      | Found a runed translucent gate.
  7320 | D:7      | Found a runed translucent gate.
  7341 | D:7      | Reached ** piety under Okawaru
  7397 | D:7      | Found a runed translucent gate.
  7397 | D:7      | Noticed om's ghost (novice DrIE)
  7409 | D:7      | Reached skill level 5 in Armour
  7435 | D:7      | Killed om's ghost
  7436 | D:7      | Reached skill level 5 in Fighting
  7840 | D:7      | Reached XP level 10. HP: 53/83 MP: 9/9
  7999 | D:7      | Found a sparkling altar of Nemelex Xobeh.
  8135 | D:7      | Found a staircase to the Ecumenical Temple.
  8496 | D:8      | Reached *** piety under Okawaru
  8521 | D:8      | Reached skill level 5 in Dodging
  8525 | D:8      | Reached skill level 5 in Slings
  8641 | D:8      | Found a shadowy altar of Dithmenos.
  8645 | D:8      | Found a hazy altar of Hepliaklqana.
  8650 | D:8      | Found an opulent altar of Gozag.
  8660 | D:8      | Found a snail-covered altar of Cheibriados.
  9250 | D:8      | Found a basalt altar of Yredelemnul.
  9824 | D:9      | Noticed Joseph
  9848 | D:9      | Killed Joseph
  9848 | D:9      | Reached **** piety under Okawaru
 10107 | D:9      | Noticed a two-headed ogre
 10121 | D:9      | Killed a two-headed ogre
 10153 | D:9      | Reached ***** piety under Okawaru
 10170 | D:9      | Found Gadel's Weapon Shoppe.
 10226 | D:9      | Noticed Grum
 10238 | D:9      | Killed Grum
 10262 | D:9      | Reached XP level 11. HP: 54/91 MP: 7/10
 10267 | D:9      | Received a gift from Okawaru
 10278 | D:9      | Found a flagged portal.
 10465 | Bailey   | Entered a bailey
 10695 | Bailey   | HP: 4/92 [gnoll sergeant (6)]
 10698 | Bailey   | HP: 1/92 [gnoll (4)]
 10703 | Bailey   | HP: 5/92 [gnoll (5)]
 11762 | D:9      | Noticed a two-headed ogre
 11775 | D:9      | Killed a two-headed ogre
 12290 | D:9      | Found a staircase to the Lair.
 12757 | D:10     | Entered Level 10 of the Dungeon
 12877 | D:10     | Noticed a two-headed ogre
 12885 | D:10     | Killed a two-headed ogre
 12885 | D:10     | Received a gift from Okawaru
 13918 | D:10     | Found a staircase to the Orcish Mines.
 14117 | D:10     | Found Ziogaif's Armour Shop.
 14220 | D:10     | Found a burning altar of Makhleb.
 14224 | D:10     | Found a radiant altar of Vehumet.
 14241 | D:10     | Reached skill level 1 in Invocations
 14524 | Orc:1    | Entered Level 1 of the Orcish Mines
 15128 | Lair:1   | Entered Level 1 of the Lair of Beasts
 15138 | Lair:1   | Reached ****** piety under Okawaru
 15138 | Lair:1   | Received a gift from Okawaru
 15411 | Lair:1   | Noticed Urug
 15421 | Lair:1   | Killed Urug
 15422 | Lair:1   | Reached XP level 12. HP: 106/106 MP: 13/13
 15516 | Lair:1   | Received a gift from Okawaru
 16232 | Lair:2   | Reached skill level 10 in Fighting
 16232 | Lair:2   | Reached skill level 10 in Armour
 16450 | Lair:2   | Found a runed translucent door.
 16455 | Lair:2   | Noticed Qoesoec's ghost (journeyman GrFi)
 16504 | Lair:2   | Killed Qoesoec's ghost
 16850 | Lair:2   | Noticed a six-headed hydra
 17139 | D:11     | Reached skill level 10 in Dodging
 17144 | D:11     | Reached skill level 5 in Invocations
 17300 | D:11     | Identified a scroll of acquirement
 17301 | D:11     | Acquired a +0 demon blade of venom
 17393 | D:11     | Found a bloodstained altar of Trog.
 17607 | D:11     | Noticed a two-headed ogre
 17617 | D:11     | Killed a two-headed ogre
 17812 | D:11     | Noticed a two-headed ogre
 17833 | D:11     | Killed a two-headed ogre
 18192 | D:12     | Noticed an eight-headed hydra
 18546 | Orc:2    | Entered Level 2 of the Orcish Mines
 18694 | Orc:2    | Noticed a two-headed ogre
 18703 | Orc:2    | Killed a two-headed ogre
 18703 | Orc:2    | Received a gift from Okawaru
 18788 | Orc:2    | Noticed a two-headed ogre
 18797 | Orc:2    | Killed a two-headed ogre
 19193 | Orc:2    | Received a gift from Okawaru
 19739 | Orc:2    | Noticed Jorgrun
 19836 | Orc:2    | Noticed a two-headed ogre
 19843 | Orc:2    | Killed a two-headed ogre
 19843 | Orc:2    | Identified the +1 crystal plate armour of Cidwitzu {rF+ rC-
                  | rN+ Dex+4} (Okawaru gifted it to you on level 2 of the
                  | Orcish Mines)
 19843 | Orc:2    | Received a gift from Okawaru
 20207 | Orc:2    | Noticed a two-headed ogre
 20212 | Orc:2    | Killed a two-headed ogre
 20213 | Orc:2    | Reached XP level 13. HP: 105/113 MP: 19/19
 20294 | Orc:2    | Reached skill level 10 in Invocations
 20393 | Orc:2    | Found a staircase to the Elven Halls.
 20458 | Orc:2    | Paralysed by an orc sorcerer for 4 turns
 20741 | Orc:2    | Killed from afar by Jorgrun

Table legend: (Time is in decaauts)
 A = Elapsed time spent in this place.
 B = Non-inter-level travel time spent in this place.
 C = Inter-level travel time spent in this place.
 D = Time resting spent in this place.
 E = Time spent auto-exploring this place.
 F = Levels seen in this place.
 G = Mean time per level.
                   A        B        C        D        E       F      G
               +--------+--------+--------+--------+--------+-----+--------+
         Total |  20480 |  19571 |    909 |   4797 |  12126 |  17 | 1204.7 |
       Dungeon |  14852 |  14106 |    746 |   3001 |   9432 |  12 | 1237.7 |
          Lair |   1728 |   1664 |     64 |    476 |    999 |   2 |  864.0 |
  Orcish Mines |   2676 |   2579 |     97 |    586 |   1540 |   2 | 1338.0 |
        Bailey |   1224 |   1224 |      0 |    734 |    154 |   1 | 1224.0 |
               +--------+--------+--------+--------+--------+-----+--------+

Top non-repeatable levels by time:
     D:9: 1871 daAuts
   Orc:2: 1853 daAuts
    D:10: 1837 daAuts
     D:8: 1608 daAuts
     D:5: 1556 daAuts
    D:11: 1429 daAuts
     D:6: 1257 daAuts
  Bailey: 1224 daAuts
     D:2: 1152 daAuts
     D:7: 1148 daAuts
  Lair:1: 1113 daAuts
     D:3: 1113 daAuts
     D:4: 1019 daAuts
     D:1: 851 daAuts
   Orc:1: 822 daAuts

Table legend:
 A = Kills in this place as a percentage of kills in entire the game.
 B = Kills by you in this place as a percentage of kills by you in the entire game.
 C = Kills by friends in this place as a percentage of kills by friends in the entire game.
 D = Other kills in this place as a percentage of other kills in the entire game.
 E = Experience gained in this place as a percentage of experience gained in the entire game.
 F = Experience gained in this place divided by the number of levels of this place that you have seen.
                   A       B       C       D       E      F
               +-------+-------+-------+-------+-------+----------------------
         Total | 100.0 | 100.0 |   N/A |   N/A | 100.0 | 2360.3
       Dungeon |  63.4 |  63.4 |   N/A |   N/A |  52.3 | 1750.2
          Lair |   6.4 |   6.4 |   N/A |   N/A |  17.9 | 3582.5
  Orcish Mines |  23.6 |  23.6 |   N/A |   N/A |  26.8 | 5371.0
        Bailey |   6.6 |   6.6 |   N/A |   N/A |   3.0 | 1216.0
               +-------+-------+-------+-------+-------+----------------------

Action                   |  1- 3 |  4- 6 |  7- 9 | 10-12 | 13-15 || total
-------------------------+-------+-------+-------+-------+-------++-------
Melee: Long sword        |    74 |    49 |   305 |   670 |       ||  1098
       Headbutt          |    13 |     9 |    54 |   225 |    18 ||   319
       Punch             |       |       |       |     1 |       ||     1
       Demon blade       |       |       |       |   214 |    66 ||   280
 Fire: Hunting sling     |     5 |    58 |    24 |    39 |       ||   126
Invok: Heroism           |       |       |       |     3 |     2 ||     5
       Finesse           |       |       |       |     2 |     2 ||     4
Evoke: Tin of tremorston |       |       |     2 |       |       ||     2
       Wand              |       |       |       |     3 |       ||     3
  Use: Scroll            |     2 |       |     8 |    17 |       ||    27
       Potion            |       |     6 |       |    10 |     1 ||    17
Armor: Scale mail        |    28 |    14 |    33 |       |       ||    75
       Skin              |       |     4 |       |       |       ||     4
       Plate armour      |       |       |    70 |    24 |    29 ||   123
       Leather armour    |       |       |     6 |   154 |       ||   160
Dodge: Dodged            |    51 |    21 |   152 |   590 |    18 ||   832
Block: Other             |       |     8 |    55 |   166 |    10 ||   239
       Reflection        |       |       |     2 |     4 |       ||     6
       Rpst.: Long sword |    13 |     2 |    32 |   120 |       ||   167
       Demon blade       |       |       |       |    25 |     5 ||    30

Vanquished Creatures
  The ghost of Qoesoec the Basher, a journeyman GrFi of Okawaru (Lair:2)
  9 two-headed ogres
  Urug (Lair:1)
  The ghost of om the Ducker, a novice DrIE of Vehumet (D:7)
  Pikel (D:5)
  2 orc sorcerers (Orc:2)
  A cyclops (D:10)
  Joseph (D:9)
  A cane toad (Lair:2)
  A rime drake (Lair:1)
  2 komodo dragons (Lair:1)
  5 trolls
  Grinder (D:3)
  A hornet (D:8)
  23 yaks
  A meliai zombie (D:11)
  A vampire (D:11)
  A wraith (D:9)
  2 shadows (D:11)
  3 wyverns
  Grum (D:9)
  2 basilisks
  A vampire mosquito (D:10)
  2 steam dragons
  3 wargs (Orc:2)
  An acid dragon (D:10)
  5 water moccasins
  An ice beast (D:5)
  A sky beast (D:7)
  3 hornet zombies (D:8)
  29 orc warriors
  3 black bears
  7 ogres
  7 wolves
  7 centaurs
  3 phantoms
  4 bullfrogs
  A kobold brigand (D:7)
  A wyvern zombie (D:8)
  9 gnoll sergeants
  2 scorpions (D:6)
  A water moccasin skeleton (D:6)
  5 killer bees (D:8)
  11 wights
  An electric eel (D:9)
  A howler monkey (D:11)
  A crimson imp (D:10)
  4 centaur zombies
  6 jellies
  20 orc priests
  4 hounds
  A bullfrog skeleton (D:7)
  7 gnoll shamans
  Crazy Yiuf (D:3)
  14 orc wizards
  An iguana (D:7)
  2 killer bee zombies (D:8)
  3 howler monkey zombies
  4 adders
  27 gnolls
  2 howler monkey skeletons
  2 shadow imps (D:7)
  3 white imps
  An ufetubus (D:5)
  8 worms
  5 dart slugs
  89 orcs
  9 endoplasms
  4 giant cockroaches
  9 goblins
  11 hobgoblins
  14 kobolds
  4 quokkas
  7 ball pythons
  8 bats
  4 frilled lizards
  A quokka skeleton (D:4)
  6 rats
453 creatures vanquished.

Vanquished Creatures (others)
  13 fungi
  26 plants
39 creatures vanquished.

Grand Total: 492 creatures vanquished
